 Dungeon Crawl Stone Soup version 0.29.1-1-gd02db6906a (webtiles) character file.

Game seed: 8525682451983642930

1381 concernfroge the Fighter (level 8, -3/72 HPs)
             Began as a Mummy Monk on Sept 18, 2022.
             Was an Initiate of Gozag.
             Slain by a mummy (12 damage)
             ... in an ossuary.
             The game lasted 00:12:38 (6533 turns).

concernfroge the Fighter (Mummy Monk)               Turns: 6533, Time: 00:12:39

Health: -3/72      AC: 19    Str: 17    XL:     8   Next: 39%
Magic:  8/8        EV:  5    Int:  9    God:    Gozag
Gold:   565        SH:  0    Dex: 20    Spells: 7/7 levels left

rFire   x . .      SeeInvis .   g - +4 whip (protect)
rCold   + . .      Faith    .   (no shield)
rNeg    + + +      Spirit   .   a - +0 plate armour
rPois   ∞          Reflect  .   h - +0 helmet
rElec   .          Harm     .   l - +0 cloak
rCorr   .          Rampage  .   (no gloves)
Will    +....                   (no boots)
Stlth   ..........              (no amulet)
HPRegen 0.22/turn               i - +6 ring of dexterity
MPRegen 0.11/turn               (no ring)

@: under a protective aura
A: cold resistance 1, negative energy resistance 3, torment resistance 2, heat
vulnerability 1, in touch with death 1, no potions
a: Renounce Religion, Potion Petition, Call Merchant, Bribe Branch


You were in an ossuary.
You worshipped Gozag.
Gozag was pleased with you.
You visited 2 branches of the dungeon, and saw 7 of its levels.
You also visited: Ossuary.

You collected 565 gold pieces.

Inventory:

Hand Weapons
 g - a +4 whip of protection (weapon)
Missiles
 d - 9 poisoned darts (quivered)
 p - 7 boomerangs
Armour
 a - a +0 plate armour (worn)
 h - a +0 helmet (worn)
 l - a +0 cloak (worn)
Jewellery
 i - a +6 ring of dexterity (left hand)
Scrolls
 b - 2 scrolls of fog
 e - 2 scrolls of brand weapon
 f - 2 scrolls of poison
 j - 2 scrolls of teleportation
 k - a scroll of enchant weapon
 o - a scroll of vulnerability


   Skills:
 - Level 10.0 Fighting
 + Level 3.2 Maces & Flails
 - Level 2.4 Polearms
 - Level 2.4 Dodging
 - Level 1.5 Stealth


You had 7 spell levels left.
You didn't know any spells.
Your spell library contained the following spells:

 Spells                   Type           Power      Damage    Failure   Level
 Confusing Touch          Hex            0%         N/A       100%        3
 Conjure Flame            Conj/Fire      0%         6-21      100%        3
 Ignite Poison            Fire/Tmut/Pois 0%         N/A       100%        3
 Sticky Flame             Conj/Fire      0%         2d3       100%        4
 Yara's Violent Unravell  Hex/Tmut       0%         3d3       100%        5
 Enfeeble                 Hex            0%         N/A       100%        7


Dungeon Overview and Level Annotations

Branches:
Dungeon (6/15)             Temple (1/1) D:4         Ossuary (1/1)

Altars:
Ashenzari
Cheibriados
Dithmenos
Fedhas
Gozag
Hepliaklqana
Kikubaaqudgha
Nemelex Xobeh
Okawaru
Qazlal
Ru
Sif Muna
Uskayaw
Vehumet
Wu Jian
Xom
Yredelemnul

Annotations:
D:4 exclusion: door


Innate Abilities, Weirdness & Mutations

You are immune to poison.
Your flesh is cold resistant. (rC+)
You are immune to negative energy. (rN+++)
You are immune to unholy pain and torment.
You are vulnerable to heat. (rF-)
You are in touch with the powers of death.
You do not drink.


Message History

You hit the mummy.
The mummy is moderately damaged.
The mummy hits you but does no damage.
You whack the mummy!
The mummy is severely damaged.
You hit the mummy.
The mummy is almost destroyed.
The gnoll zombie hits you.
* * * LOW HITPOINT WARNING * * *
The mummy hits you.
* * * LOW HITPOINT WARNING * * *
You hit the mummy.
You destroy the mummy!
The gnoll zombie hits you but does no damage.
You whack the gnoll zombie!
The gnoll zombie is moderately damaged.
You hit the gnoll zombie.
The gnoll zombie is severely damaged.
The gnoll zombie hits you but does no damage.
You whack the gnoll zombie!
You destroy the gnoll zombie!
You whack the gnoll zombie!
You destroy the gnoll zombie!
You see here 5 gold pieces.
The mummy is distracted by your dazzling golden aura.
A mummy comes into view.
A mummy comes into view.
The mummy is distracted by your dazzling golden aura.
You barely miss the mummy.
The mummy is no longer distracted by gold.
The mummy hits you!
* * * LOW HITPOINT WARNING * * *
You hit the mummy.
Your weapon exudes an aura of protection.
The mummy is lightly damaged.
You barely miss the mummy.
The mummy is lightly damaged.
The mummy hits you!
You die...
Your body crumbles into a pile of gold.

################
#....MM@.Z.....##
......####......##
.....##..##......#
....##....##Z$...#
.............M...#
.............$..##
# ........Z.M..##
#.......M##+#
#......##


You could see 2 mummies and a hobgoblin zombie.

Vanquished Creatures
  An ogre (D:4)
  3 phantoms (D:5)
  A necrophage (D:5)
  2 scorpions (D:6)
  A howler monkey (D:3)
  A jelly (D:4)
  3 hounds (D:4)
  An orc priest (D:4)
  2 iguanas
  4 orc wizards
  5 mummies
  Robin (D:3)
  3 gnolls (D:6)
  10 adders
  2 ufetubi
  2 dart slugs
  28 orcs
  14 ball pythons
  4 bats
  7 endoplasms
  2 giant cockroaches
  2 gnoll zombies (Ossuary)
  21 goblins
  16 hobgoblins
  14 jackals
  A quokka (D:2)
  3 frilled lizards
  2 hobgoblin zombies (Ossuary)
  10 kobolds
  4 kobold zombies
  7 rats
177 creatures vanquished.

Vanquished Creatures (collateral kills)
  Sigmund (D:5)
1 creature vanquished.

Grand Total: 178 creatures vanquished

Notes
Turn   | Place    | Note
-------+----------+-------------------------------------------
     0 | D:1      | concernfroge the Mummy Monk began the quest for the Orb.
     0 | D:1      | Reached XP level 1. HP: 18/18 MP: 1/1
   411 | D:1      | Found a faded altar of an unknown god.
   458 | D:1      | Reached XP level 2. HP: 11/24 MP: 2/2
   924 | D:1      | Reached skill level 4 in Fighting
  1442 | D:2      | Gained mutation: You are in touch with the powers of death.
                  | [Mummy growth]
  1442 | D:2      | Reached XP level 3. HP: 30/30 MP: 3/3
  1720 | D:2      | Reached XP level 4. HP: 23/38 MP: 4/4
  1727 | D:2      | Reached skill level 5 in Fighting
  2315 | D:3      | Reached XP level 5. HP: 38/46 MP: 5/5
  2475 | D:3      | Reached skill level 6 in Fighting
  2733 | D:3      | Noticed Robin
  3408 | D:3      | Killed Robin
  3476 | D:4      | Reached XP level 6. HP: 38/53 MP: 6/6
  3671 | D:4      | Found a shimmering blue altar of Sif Muna.
  3729 | D:4      | Reached skill level 7 in Fighting
  4077 | D:4      | Found a staircase to the Ecumenical Temple.
  4086 | Temple   | Entered the Ecumenical Temple
  4386 | Temple   | Became a worshipper of Gozag Ym Sagoz the Greedy
  4561 | D:5      | Entered Level 5 of the Dungeon
  4915 | D:5      | Reached skill level 8 in Fighting
  4915 | D:5      | Reached XP level 7. HP: 61/62 MP: 7/7
  5253 | D:5      | Reached skill level 9 in Fighting
  5584 | D:5      | Noticed Sigmund
  5594 | D:5      | Killed Sigmund
  5595 | D:5      | Reached XP level 8. HP: 72/72 MP: 8/8
  5614 | D:5      | Found a hazy altar of Hepliaklqana.
  5614 | D:5      | Found a sparkling altar of Nemelex Xobeh.
  5662 | D:4      | Reached skill level 10 in Fighting
  5836 | D:4      | Reached skill level 1 in Maces & Flails
  6436 | D:6      | Found a sand-covered staircase.
  6457 | Ossuary  | Entered an ossuary
  6533 | Ossuary  | Slain by a mummy

Illustrated notes

Levels and vault maps discovered:
D:1:      saegor_arrival_simple_d, layout_loops_cross,
          shapermc_ecumenical_altar_petra
D:2:      cheibrodos_greedy_goblins, layout_basic, basic_altar, minivault_14
D:3:      minmay_wonky_spiral, layout_loops_ring, roderic_serpentine_path,
          uniq_robin
D:4:      layout_rooms, led_sif_book, minmay_temple_entry_poolview
D:5:      layout_cave_pools, mainiacjoe_overflow_divided_tiny, uniq_sigmund
D:6:      layout_loops_ring, nicolae_ossuary_entry_giza,
          small_statue_intersection
Temple:   minmay_temple_bridge_d
Ossuary:  ossuary_tomb_3

Skill      XL: |  1  2  3  4  5  6  7  8 |
---------------+-------------------------+-----
Fighting       | 4 5 6 8 9 10 | 10.0
Maces & Flails | 3 |  3.2
Polearms       | |  2.4
Dodging        | |  2.4
Stealth        | |  1.5

Action                   |  1- 3 |  4- 6 |  7- 9 || total
-------------------------+-------+-------+-------++-------
Melee: Spear             |    58 |       |       ||    58
       Whip              |    67 |   294 |   200 ||   561
       Punch             |     1 |     2 |     8 ||    11
Throw: Dart              |       |       |    10 ||    10
  Use: Scroll            |       |     2 |    12 ||    14
 Stab: Sleeping          |     5 |       |       ||     5
Armor: Robe              |     8 |       |       ||     8
       Plate armour      |    56 |   330 |   173 ||   559
Dodge: Dodged            |    52 |   104 |    48 ||   204
